 Dungeon Crawl Stone Soup version 0.24-a0-228-g05560da (console) character file.

Game seed: 2302402666497608844

2869 bli the Slasher (level 9, -13/67 HPs)
             Began as a Black Draconian Monk on Apr 1, 2019.
             Was an Elder of Hepliaklqana.
             Killed from afar by a gargoyle (16 damage)
             ... with a stone arrow
             ... on level 8 of the Dungeon.
             The game lasted 00:31:02 (5811 turns).

bli the Slasher (Black Draconian Monk)              Turns: 5811, Time: 00:31:03

Health: -13/67     AC: 10    Str: 14    XL:     9   Next: 47%
Magic:  8/10       EV: 17    Int: 15    God:    Hepliaklqana [****..]
Gold:   366        SH:  5    Dex: 18    Spells: 3/8 levels left

rFire    + . .     SeeInvis .   b - +0 dagger {venom, *Noise MR+ Dex+2}
rCold    . . .     Gourm    .   r - +0 buckler
rNeg     . . .     Faith    +   (armour unavailable)
rPois    .         Spirit   .   l - +2 hat
rElec    +         Reflect  .   v - +0 cloak
rCorr    .         Harm     .   (no gloves)
MR       +....                  (no boots)
Stlth    +++.......             t - amulet of faith
HPRegen  0.21/turn              c - +4 ring of intelligence
MPRegen  0.12/turn              p - ring of wizardry

@: about to teleport
A: breathe lightning, unfitting armour, reduced essence, hooves 1, blurry vision
1, fire resistance 1, electricity resistance, cold-blooded, AC +7
a: Breathe Lightning, Recall Ancestor, Ancestor Identity, Transference,
Idealise, Renounce Religion


You were on level 8 of the Dungeon.
You worshipped Hepliaklqana.
Hepliaklqana was greatly pleased with you.
You were hungry.

You visited 1 branch of the dungeon, and saw 8 of its levels.

You collected 366 gold pieces.

Inventory:

Hand Weapons
 a - a +0 falchion of slicing
 b - the +0 dagger of the King (weapon) {venom, *Noise MR+ Dex+2}
   (You found it on level 4 of the Dungeon)

   It poisons the flesh of those it strikes.
   It affects your dexterity (+2).
   It affects your resistance to hostile enchantments.
   It may make noises in combat.
 e - a +0 rapier
 k - a +0 blowgun
 D - a +0 dagger of venom
 H - the +9 mace of Tidageq {flame, Str+2 Int+5 SInv, unknown}
   (You found it on level 4 of the Dungeon)

   It has been specially enchanted to burn those struck by it, causing extra
   injury to most foes and up to half again as much damage against particularly
   susceptible opponents.
   It affects your strength (+2).
   It affects your intelligence (+5).
   It lets you see invisible.
 S - a +1 falchion
Missiles
 h - 86 stones (quivered)
 j - 179 arrows
Armour
 l - a +2 hat (worn)
 r - a +0 buckler (worn)
 v - a +0 cloak (worn)
Magical Staves
 n - an uncursed staff of conjuration {unknown}
 w - an uncursed staff of poison {unknown}
Jewellery
 c - a +4 ring of intelligence (left hand)
 p - a ring of wizardry (right hand)
 t - an amulet of faith (around neck)
 A - an uncursed ring of resist corrosion
 N - a +4 ring of strength
Wands
 f - a wand of random effects (2)
 E - a wand of flame (15)
 K - a wand of scattershot (2)
 P - a wand of acid (8)
Scrolls
 d - 2 scrolls of identify
 g - 3 scrolls of amnesia {unknown}
 m - 6 scrolls of teleportation
 o - a scroll of remove curse
 q - a scroll of fog {unknown}
 u - a scroll of noise {unknown}
 x - a scroll of fear {unknown}
 y - 2 scrolls of magic mapping {unknown}
 F - a scroll of enchant weapon {unknown}
 G - a scroll of random uselessness {unknown}
 M - a scroll of blinking {unknown}
Potions
 i - 2 potions of curing
 s - 3 potions of mutation
 z - 4 potions of heal wounds {unknown}
 B - a potion of lignification
 I - a potion of cancellation {unknown}
 J - a potion of flight {unknown}
 L - a potion of magic {unknown}
 Q - a potion of might
 R - a potion of brilliance {unknown}
Comestibles
 C - 10 rations
 O - 5 chunks of flesh


   Skills:
 * Level 5.9 Fighting
 + Level 7.7 Long Blades
 * Level 7.2 Dodging
 + Level 4.3 Stealth
 * Level 3.8 Shields
 + Level 0.1 Spellcasting
 * Level 3.0 Translocations
 + Level 1.5 Evocations


You had 3 spell levels left.
You knew the following spells:

 Your Spells              Type           Power        Failure   Level  Hunger
B - Blink                 Tloc           N/A          4%          2    ###....
G - Gell's Gravitas       Tloc           #.........   9%          3    ####...

Your spell library contained the following spells:

 Spells                   Type           Power        Failure   Level  Hunger
 Confusing Touch          Hex            #.....       11%         1    ##.....
 Magic Dart               Conj           #...         11%         1    ##.....
 Call Imp                 Summ           #.......     16%         2    ###....
 Slow                     Hex            #.......     16%         2    ###....
 Confuse                  Hex            #.......     32%         3    ####...
 Conjure Flame            Conj/Fire      #.......     32%         3    ####...
 Mephitic Cloud           Conj/Pois/Air  #.......     32%         3    ####...
 Petrify                  Tmut/Erth      #.......     69%         4    #####..
 Metabolic Englaciation   Hex/Ice        #.........   95%         5    ######.
 Yara's Violent Unravell  Hex/Tmut       #.........   95%         5    ######.


Dungeon Overview and Level Annotations

Branches:
Dungeon (8/15)             Temple (0/1) D:7
   Lair: D:8-11

Altars:
Cheibriados
Elyvilon
Fedhas
Hepliaklqana
Makhleb
Nemelex Xobeh
Yredelemnul


Innate Abilities, Weirdness & Mutations

You can breathe wild blasts of lightning.
Your glossy black scales are hard. (AC +7)
You cannot fit into any form of body armour.
You are resistant to electric shocks. (rElec)
You are cold-blooded and may be slowed by cold attacks.
Your life essence is reduced to manifest your ancestor. (-10% HP)
You have large cloven feet.
Scrolls take you a little longer to read.
Your flesh is heat resistant. (rF+)


Message History

Aiming: Scattershot
Press: ? - help, Shift-Dir - straight line The burst of metal fragments hits the gargoyle but does no damage. x2
The burst of metal fragments hits the gargoyle.
The burst of metal fragments hits the gargoyle but does no damage.
The gargoyle is lightly damaged.
The vampire mosquito barely misses you.
The gargoyle hurls a stone arrow at you.
The stone arrow hits you!
* * * LOW HITPOINT WARNING * * *
The vampire mosquito bites you but does no damage.
Evoke which item? (* to show all) (? for menu, Esc to quit)
Aiming: Scattershot
Press: ? - help, Shift-Dir - straight line The burst of metal fragments hits the vampire mosquito! x3
You destroy the vampire mosquito!
Your Translocations skill increases to level 3!
The gargoyle hurls a stone arrow at you.
The stone arrow hits you!
You die...

.# ..# .#
?.# .# ....
.#.....
####.#.....
#..........
#.†........
#..@9......
######.....
... .


You could see a gargoyle.

Vanquished Creatures
  A vampire mosquito (D:8)
  Duvessa (D:5)
  2 phantoms
  2 centaurs
  2 ogres
  Blork the orc (D:5)
  A bullfrog (D:7)
  4 killer bees (D:7)
  3 wights (D:6)
  A howler monkey (D:7)
  A jelly (D:6)
  4 crimson imps
  A centaur skeleton (D:7)
  A quasit (D:6)
  2 bullfrog skeletons
  Crazy Yiuf (D:4)
  5 orc priests
  A hound (D:7)
  4 orc wizards
  6 worker ants
  4 gnolls
  7 adders
  2 shadow imps
  An adder zombie (D:5)
  2 worms (D:4)
  2 dart slugs (D:2)
  3 leopard geckos
  12 orcs
  4 bats
  5 giant cockroaches
  3 goblins
  4 hobgoblins (D:1)
  13 jackals
  3 quokkas
  2 frilled lizards (D:1)
  11 kobolds
  13 rats
135 creatures vanquished.

Vanquished Creatures (collateral kills)
  Eustachio (D:4)
  A vampire mosquito (D:7)
  An ice beast (D:6)
  A bullfrog (D:5)
  Dowan (D:5)
  A wight (D:6)
  An orc priest (D:5)
  2 orc wizards
  Terence (D:3)
  A hound skeleton (D:7)
  An adder (D:7)
  3 gnolls
  A shadow imp (D:7)
  An ooze (D:4)
  An adder skeleton (D:6)
  A worm (D:4)
  9 orcs
  A kobold (D:2)
  A bat (D:2)
30 creatures vanquished.

Vanquished Creatures (others)
  3 hexers
3 creatures vanquished.

Grand Total: 168 creatures vanquished

Notes
Turn   | Place    | Note
-------+----------+-------------------------------------------
     0 | D:1      | bli the Draconian Monk began the quest for the Orb.
     0 | D:1      | Reached XP level 1. HP: 19/19 MP: 1/1
   426 | D:1      | Reached XP level 2. HP: 21/26 MP: 2/2
   886 | D:3      | Reached XP level 3. HP: 31/31 MP: 3/3
  1282 | D:3      | Found a basalt altar of Yredelemnul.
  1355 | D:3      | Found a blossoming altar of Fedhas.
  1355 | D:3      | Found a hazy altar of Hepliaklqana.
  1357 | D:3      | Found a snail-covered altar of Cheibriados.
  1365 | D:3      | Became a worshipper of Hepliaklqana the Forgotten
  1365 | D:3      | Reached * piety under Hepliaklqana
  1365 | D:3      | Reached ** piety under Hepliaklqana
  1366 | D:3      | Remembered your ancestor Tlaloc as a hexer
  1389 | D:3      | Noticed Terence
  1401 | D:3      | Killed Terence
  1401 | D:3      | Reached XP level 4. HP: 15/34 MP: 4/4
  1426 | D:3      | Found a sparkling altar of Nemelex Xobeh.
  1817 | D:2      | Found a faded altar of an unknown god.
  2377 | D:4      | Reached skill level 5 in Long Blades
  2377 | D:4      | Reached XP level 5. HP: 12/40 MP: 5/5
  2771 | D:4      | Noticed a phantom
  2786 | D:4      | Got an ichor-stained dagger
  2825 | D:4      | Killed a phantom
  2825 | D:4      | Reached XP level 6. HP: 31/45 MP: 6/6
  2859 | D:4      | Identified the cursed +0 dagger of the King {venom, *Noise
                  | MR+ Dex+2} (You found it on level 4 of the Dungeon)
  3003 | D:4      | Noticed Eustachio
  3027 | D:4      | Gained mutation: Scrolls take you a little longer to read.
                  | [potion of mutation]
  3027 | D:4      | Gained mutation: You have large cloven feet. [potion of
                  | mutation]
  3027 | D:4      | Gained mutation: Your flesh is heat resistant. (rF+)
                  | [potion of mutation]
  3040 | D:4      | HP: 1/45 [river rat[Eustachio] (4)]
  3047 | D:4      | Killed Eustachio
  3047 | D:4      | Reached skill level 1 in Shields
  3067 | D:4      | Found a white marble altar of Elyvilon.
  3088 | D:4      | Learned a level 2 spell: Blink
  3199 | D:4      | Your scales start taking on a glossy black colour.
  3199 | D:4      | Reached XP level 7. HP: 38/52 MP: 7/7
  3199 | D:4      | Gained mutation: You are resistant to electric shocks.
                  | (rElec) [Black Draconian growth]
  3337 | D:4      | Reached *** piety under Hepliaklqana
  3485 | D:4      | Found a runed translucent door.
  3486 | D:4      | Noticed Crazy Yiuf
  3494 | D:4      | Killed Crazy Yiuf
  3500 | D:4      | Got a pitted mace
  3631 | D:5      | Entered Level 5 of the Dungeon
  3704 | D:5      | Reached skill level 1 in Translocations
  3763 | D:5      | Reached skill level 5 in Dodging
  3844 | D:5      | Noticed Dowan
  3853 | D:5      | Reached XP level 8. HP: 45/59 MP: 8/8
  3860 | D:5      | Killed Dowan
  3888 | D:5      | Noticed Duvessa
  3902 | D:5      | Killed Duvessa
  3964 | D:5      | Noticed Blork the orc
  3972 | D:5      | Killed Blork the orc
  4258 | D:5      | Found a burning altar of Makhleb.
  4612 | D:6      | Reached **** piety under Hepliaklqana
  4627 | D:6      | Reached skill level 5 in Fighting
  4656 | D:6      | Reached skill level 1 in Evocations
  5194 | D:6      | Reached XP level 9. HP: 66/66 MP: 9/9
  5474 | D:7      | Found a staircase to the Ecumenical Temple.
  5498 | D:7      | Learned a level 3 spell: Gell's Gravitas
  5801 | D:8      | Noticed a gargoyle
  5810 | D:8      | HP: 3/67 [gargoyle/stone arrow (10)]
  5811 | D:8      | Killed from afar by a gargoyle

Levels and vault maps discovered:
D:1:      dpeg_arrival_shelter, layout_loops_corners
D:2:      layout_loops_ring, chequers_ecumenical_altar_simple_redux,
          patterned_corridor
D:3:      layout_basic, nemelex_xobeh_ov_fountains_minmay, minitemple,
          uniq_terence
D:4:      layout_basic, first_ration, elyvilon_altar_3, uniq_crazy_yiuf_cottage,
          uniq_eustachio
D:5:      layout_rooms, lemuel_round_altar, uniq_blork_the_orc, uniq_duvessa
D:6:      layout_basic, minmay_checkerbox
D:7:      layout_gridville, minmay_temple_entry_offerings
D:8:      layout_rooms, uniq_maurice, uniq_grum

Skill      XL: |  1  2  3  4  5  6  7  8  9 |
---------------+----------------------------+-----
Stealth        | 2 3 4 |  4.3
Dodging        | 3 4 5 6 7 |  7.2
Long Blades    | 4 5 6 7 |  7.7
Shields        | 1 2 3 |  3.8
Fighting       | 4 5 |  5.9
Translocations | 2 3 |  3.0
Evocations     | 1 |  1.5
Spellcasting   | |  0.1

Action                   |  1- 3 |  4- 6 |  7- 9 || total
-------------------------+-------+-------+-------++-------
Melee: Falchion          |    99 |   128 |    82 ||   309
       Tailslap          |     9 |    26 |    44 ||    79
       Dagger            |       |    26 |   229 ||   255
       Kick              |       |     2 |   117 ||   119
Throw: Throwing net      |       |       |     2 ||     2
 Cast: Gell's Gravitas   |       |       |     3 ||     3
Invok: Ancestor Life: He |     1 |       |       ||     1
Evoke: Wand              |       |     5 |    10 ||    15
  Use: Potion            |       |     4 |       ||     4
       Scroll            |       |       |     5 ||     5
 Stab: Sleeping          |     3 |     2 |     2 ||     7
       Distracted        |     2 |     1 |     4 ||     7
       Held in net/web   |       |       |     2 ||     2
       Confused          |       |       |     9 ||     9
       Paralysed         |       |       |     1 ||     1
  Eat: Chunk             |     2 |     5 |     9 ||    16
Armor: Skin              |    27 |    55 |    71 ||   153
Dodge: Dodged            |    56 |   108 |   206 ||   370
Block: Buckler           |       |     6 |    83 ||    89
       Rpst.: Falchion   |    19 |    23 |    21 ||    63

Table legend:
 A = Non-vault XP
 B = Vault XP
 C = Vault XP percentage of total XP
 D = Non-vault monster count
 E = Vault monster count
 F = Vault count percentage of total count
                 A         B        C        D         E       F
            +---------+---------+-------+---------+---------+-------
      Total |    3392 |     707 |  17.2 |     155 |      10 |   6.1
            +---------+---------+-------+---------+---------+-------
        D:1 |      37 |       0 |   0.0 |      22 |       0 |   0.0
        D:2 |      73 |       0 |   0.0 |      29 |       0 |   0.0
        D:3 |      23 |      36 |  61.0 |       9 |       1 |  10.0
        D:4 |     475 |     243 |  33.8 |      26 |       2 |   7.1
        D:5 |     837 |     310 |  27.0 |      24 |       3 |  11.1
        D:6 |     664 |     118 |  15.1 |      15 |       4 |  21.1
        D:7 |    1106 |       0 |   0.0 |      29 |       0 |   0.0
        D:8 |     177 |       0 |   0.0 |       1 |       0 |   0.0
            +---------+---------+-------+---------+---------+-------
